 Dungeon Crawl Stone Soup version 0.20-a0-556-g892c87b (webtiles) character file.

59865 drasked the Unseen (level 14, 68/68 HPs)
             Began as a Spriggan Enchanter on Feb 4, 2017.
             Was a High Priest of Ashenzari.
             Quit the game on level 11 of the Dungeon.
             The game lasted 01:42:34 (24767 turns).

drasked the Unseen (Spriggan Enchanter)            Turns: 24767, Time: 01:42:35

Health: 68/68      AC:  8    Str:  4    XL:     14   Next: 54%
Magic:  23/31      EV: 33    Int: 20    God:    Ashenzari [*****.]
Gold:   1808       SH:  0    Dex: 18    Spells: 28/38 levels left

rFire    + . .     SeeInvis +   a - +2 dagger
rCold    . . .     Gourm    .   O - +1 robe {rF+}
rNeg     . . .     Faith    .   (shield restricted)
rPois    +         Spirit   .   m - +2 hat (curse)
rElec    .         Reflect  .   j - +2 cloak {+Inv} (curse)
rCorr    .         Harm     .   (gloves unavailable)
MR       ++...     Clarity  +   (boots unavailable)
Stlth    +++++++...             (no amulet)
Regen    0.3/turn               K - ring of poison resistance {rPois, !d}
                                J - ring of wizardry (curse) {Wiz+, !d}

@: very quick
A: unfitting armour, see invisible, herbivore 3, speed 3, slow metabolism 2
a: Curse Item, Scrying, Transfer Knowledge, Renounce Religion, Evoke
Invisibility


You were on level 11 of the Dungeon.
You worshipped Ashenzari.
Ashenzari was extremely pleased with you.
You were not hungry.

You visited 4 branches of the dungeon, and saw 20 of its levels.
You also visited: Labyrinth and Ice Cave.

You collected 1808 gold pieces.

Inventory:

Hand Weapons
 a - a +2 dagger (weapon)
Armour
 j - a cursed +2 cloak of invisibility (worn)
   (You acquired it on level 5 of the Lair of Beasts)
 m - a cursed +2 hat (worn)
   (You found it on level 2 of the Dungeon)
 O - a +1 robe of fire resistance (worn)
   (You took it off Josephine on level 2 of the Orcish Mines)
Magical Staves
 U - an uncursed staff of conjuration {!a}
   (You found it in a labyrinth)
Jewellery
 D - an uncursed ring of protection from cold {rC+, !d}
   (You found it on level 6 of the Dungeon)
 J - a cursed ring of wizardry (left hand) {Wiz+, !d}
   (You found it on level 7 of the Dungeon)
 K - a ring of poison resistance (right hand) {rPois, !d}
   (You found it on level 5 of the Lair of Beasts)
Wands
 x - a wand of paralysis (20/24)
   (You found it on level 11 of the Dungeon)
 I - a wand of digging (7/24)
   (You found it in a labyrinth)
 P - a wand of lightning (5/15)
   (You found it in a labyrinth)
 R - a wand of clouds (5/9)
   (You found it on level 10 of the Dungeon)
 S - a wand of lightning (8/15)
   (You found it in a labyrinth)
 X - a wand of disintegration (23/24)
   (You found it on level 3 of the Lair of Beasts)
Scrolls
 e - 2 scrolls of identify
 i - 6 scrolls of enchant armour
 l - 2 scrolls of enchant weapon
 p - 3 scrolls of blinking {!r}
 r - 5 scrolls of teleportation
 t - a scroll of magic mapping {!r}
 v - a scroll of immolation {!r}
 y - a scroll of fog
 E - 2 scrolls of amnesia
 M - 2 scrolls of recharging
 V - 2 scrolls of remove curse
 W - a scroll of fear
Potions
 f - a potion of cure mutation {!q}
 h - a potion of might
 k - 4 potions of flight
 n - 10 potions of curing
 o - a potion of resistance
 q - 5 potions of ambrosia
 w - a potion of haste
 z - 3 potions of cancellation
 A - 4 potions of invisibility
 C - a potion of lignification {!q}
 F - 3 potions of brilliance
 G - 2 potions of heal wounds
 H - 2 potions of agility
 L - a potion of magic
Books
 b - a book of Annihilations
   (You found it in a labyrinth)
 c - a book of Maledictions
 s - a book of Flames
   (You found it on level 4 of the Dungeon)
 B - a book of Fire
   (You found it on level 3 of the Lair of Beasts)
 Q - a book of the Warp
   (You found it on level 10 of the Dungeon)
 Z - a book of the Dragon
   (You found it in a labyrinth)
Comestibles
 d - 11 bread rations {@e1}
 g - 13 royal jellies
 u - 2 fruits


   Skills:
 - Level 5.0 Fighting
 - Level 5.2 Short Blades
 - Level 14.7(16.9) Dodging
 - Level 17.0(19.1) Stealth
 + Level 12.8 Spellcasting
 + Level 6.0 Conjurations
 - Level 11.5 Hexes
 - Level 7.8 Translocations
 - Level 5.2 Ice Magic
 - Level 9.1 Evocations


You had 28 spell levels left.
You knew the following spells:

 Your Spells              Type           Power        Failure   Level  Hunger
a - Ensorcelled Hibernat  Hex/Ice        #####.       1%          2    None
b - Force Lance           Conj/Tloc      #####...     1%          4    None
c - Confuse               Hex            ######..     1%          3    None
v - Corona                Hex            ######.      1%          1    None


Dungeon Overview and Level Annotations

Branches:
Dungeon (11/15)            Temple (1/1) D:6            Lair (6/6) D:10
  Swamp (0/4) Lair:4       Spider (0/4) Lair:4        Slime (0/5) Lair:5
    Orc (2/2) D:10            Elf (0/3) Orc:2

Altars:
Ashenzari
Cheibriados
Dithmenos
Elyvilon
Fedhas
Gozag
Hepliaklqana
Kikubaaqudgha
Makhleb
Nemelex Xobeh
Okawaru
Qazlal
Ru
Sif Muna
Trog
Uskayaw
Vehumet
Xom
Yredelemnul
Zin
The Shining One

Shops:
D:10 (   Orc:2 *}!%

Annotations:
Lair:5 Rupert


Innate Abilities, Weirdness & Mutations

You are very small and have problems with some larger weapons.
You are too small for most types of armour.
You have supernaturally acute eyesight. (SInv)
You are a herbivore.
You cover ground extremely quickly.
You need consume almost no food.


Message History

You kill the red ugly thing!
Your Conjurations skill increases to level 6!
Aim: an orc wizard, wielding a dagger and wearing a robe (slightly transparent, chance to defeat MR: 71%)
The orc wizard struggles to resist.
The orc wizard completely misses you.
You now have 19/31 mp.
Aim: an orc wizard, wielding a dagger and wearing a robe (slightly transparent, chance to defeat MR: 71%)
The orc wizard looks drowsy...
The orc priest calls down the wrath of Beogh upon you.
Beogh smites you!
You take 12 damage, and have 27/68 hp.
You now have 17/31 mp.
The helpless orc wizard fails to defend itself.
You spit the orc wizard like a pig!!!!
You kill the orc wizard!
Aim: an orc priest (chance to defeat MR: 71%)
The orc priest looks drowsy...
You now have 16/31 mp.
The helpless orc priest fails to defend itself.
You perforate the orc priest like a sieve!!!!
You kill the orc priest!
Aim: an orc warrior, wielding a mace and wearing a plate armour (chance to defeat MR: 71%)
The orc warrior struggles to resist.
The orc warrior closely misses you.
You now have 14/31 mp.
Aim: an orc warrior, wielding a mace and wearing a plate armour (chance to defeat MR: 71%)
The orc warrior struggles to resist.
The orc warrior hits you with a mace!
* * * LOW HITPOINT WARNING * * *
You take 9 damage, and have 19/68 hp.
You now have 13/31 mp.
Aim: an orc warrior, wielding a mace and wearing a plate armour (chance to defeat MR: 71%)
The orc warrior looks drowsy...
You now have 11/31 mp.
The helpless orc warrior fails to defend itself.
You skewer the orc warrior like a kebab!!!!
You kill the orc warrior!
You start resting.
There is an open door, spattered with blood here.
Items here: ))))) [[ ÷÷÷÷ Health restored: 68; MP restored: 31
Things that are here:
an uncursed dagger; an uncursed robe
Things that are here:
an uncursed trident; an uncursed leather armour; an orc skeleton You open the door.
The worker ant is too close now for your liking.
There is an open door here.
The worker ant twitches its antennae in your direction.
The worker ant completely misses you.
Aim: a worker ant (chance to defeat MR: 78%)
The worker ant looks drowsy...
You now have 29/31 mp.
The helpless worker ant fails to defend itself.
You skewer the worker ant like a kebab!!!!
You kill the worker ant!
No target in view!
You open the door.
There is an open door here.
You open the door.
There is an open door here.
There is an open door here.
A big kobold comes into view. It is wielding a club.
MP restored: 31
There is an open door here.
The big kobold shouts!
The big kobold throws a stone.
The stone barely misses you.
Aim: a big kobold, wielding a club (chance to defeat MR: 71%)
The big kobold struggles to resist.
The big kobold misses you.
You now have 29/31 mp.
You barely miss the big kobold. The big kobold completely misses you.
Aim: a big kobold, wielding a club (chance to defeat MR: 71%)
The big kobold struggles to resist.
The big kobold completely misses you.
You now have 27/31 mp.
Aim: a big kobold, wielding a club (chance to defeat MR: 71%)
The big kobold struggles to resist.
The big kobold closely misses you.
You now have 25/31 mp.
Aim: a big kobold, wielding a club (chance to defeat MR: 71%)
The big kobold struggles to resist.
The big kobold completely misses you.
You now have 24/31 mp.
Aim: a big kobold, wielding a club (chance to defeat MR: 71%)
The big kobold looks drowsy...
You now have 22/31 mp.
The helpless big kobold fails to defend itself.
You perforate the big kobold like a sieve!!!!
You kill the big kobold!
Things that are here:
an uncursed club; a stone; a big kobold corpse Unknown command.
Quiver which item? (- for none, * to show all) (? for menu, Esc to quit)
Quivering
Q - a book of the Warp for throwing.
Quiver which item? (- for none, * to show all) (? for menu, Esc to quit)
Reset throwing quiver to default.
Things that are here:
an uncursed club; a stone; a big kobold corpse
Okay, then.
Unknown command.
Quiver which item? (- for none, * to show all) (? for menu, Esc to quit)
Okay, then.
Welcome back, drasked the Spriggan Enchanter.
Ashenzari says: Partake of my vision.
Partake of my curse.
Unknown command.
Okay, then.
Unknown command.
Unknown command.

).........# #.....#.#
#########.#
##########.# *≈ #.###
#†.........# *≈ *
#...# #.########## *
*#≈≈≈≈..#.###'#######
c≈≈≈≈≈..#.#....(....#
{.≈≈≈≈≈..#.#.........#
_≈≈≈≈≈..#.#.........#
{.≈≈≈≈≈.##.#...@.....#
,c≈≈≈≈≈. #[#......(..#
*#≈≈≈### #.#.........#
* #.#..[......# ≈≈*
#.#..[......# ** * *
#†###)######## ,* #.#
#.####...# * #.#
#....'...# * #.#
######...#


There were no monsters in sight!

Vanquished Creatures
  A dire elephant (Lair:6)
  Josephine (Orc:2)
  A minotaur (Lab)
  8 hydras
  6 two-headed ogres
  2 catoblepae
  3 death yaks (Lair:6)
  The ghost of drasked the Covert, a journeyman SpWz of Vehumet (Lair:4)
  A deep troll shaman (Lair:6)
  3 orc high priests (Orc:2)
  2 unseen horrors
  4 orc knights (Orc:2)
  4 ugly things
  A manticore (D:10)
  4 orc sorcerers (Orc:2)
  10 elephants
  4 black mambas
  4 gargoyles (Lab)
  12 spiny frogs
  8 komodo dragons
  A minotaur zombie (Lab)
  3 hornets
  3 polar bears (Lair:6)
  Grinder (D:3)
  Prince Ribbit (D:8)
  2 slime creatures (Lair:5)
  8 blink frogs
  5 hippogriffs
  3 redbacks
  2 shadows (D:11)
  3 wyverns
  5 wraiths
  Eustachio (D:6)
  20 yaks
  6 basilisks
  9 hungry ghosts (Lab)
  Edmund (D:6)
  Duvessa (D:7)
  2 soldier ants (D:8)
  9 porcupines
  14 water moccasins
  7 ice beasts
  12 orc warriors
  A phantom (D:5)
  A necrophage (D:10)
  2 black bears
  12 ogres
  15 wolves
  An eye of draining (D:10)
  7 centaurs
  15 crocodiles
  3 big kobolds
  12 bullfrogs
  An earth elemental (Lab)
  A gnoll sergeant (D:6)
  2 wyvern skeletons
  Dowan (D:7)
  7 scorpions
  4 killer bees
  2 electric eels (Lair:6)
  4 wights (D:8)
  3 howler monkeys
  3 lava snakes (Lair:4)
  5 crimson imps
  A bullfrog skeleton (D:5)
  6 hounds
  3 quasits
  7 jellies
  A gnoll shaman (D:6)
  A centaur skeleton (D:6)
  14 orc priests
  Crazy Yiuf (D:7)
  16 orc wizards
  10 worker ants
  3 iguanas
  A howler monkey zombie (D:7)
  38 gnolls
  8 adders
  A shadow imp (D:7)
  2 oozes
  3 worms
  2 dart slugs (D:1)
  4 leopard geckos
  31 orcs
  2 giant cockroaches
  6 hobgoblins
  21 jackals
  15 kobolds
  5 quokkas
  A ball python skeleton (D:4)
  4 bats
  6 frilled lizards
  11 goblins
  A quokka skeleton (D:4)
  A quokka zombie (D:6)
  6 rats
  A plant (Lair:6)
534 creatures vanquished.

Vanquished Creatures (others)
  An orc wizard (Orc:2)
  An orc priest (Orc:2)
  17 fungi
  12 plants
31 creatures vanquished.

Grand Total: 565 creatures vanquished

Notes
Turn   | Place    | Note
-------+----------+-------------------------------------------
     0 | D:1      | drasked the Spriggan Enchanter began the quest for the Orb.
     0 | D:1      | Reached XP level 1. HP: 9/9 MP: 5/5
    42 | D:1      | Reached skill level 3 in Spellcasting
   171 | D:1      | Reached XP level 2. HP: 13/13 MP: 7/7
   175 | D:1      | Learned a level 2 spell: Ensorcelled Hibernation
  1120 | D:1      | Reached XP level 3. HP: 16/16 MP: 7/9
  1317 | D:2      | Reached skill level 5 in Stealth
  1387 | D:2      | Found a basalt altar of Yredelemnul.
  1488 | D:2      | Learned a level 3 spell: Confuse
  1641 | D:2      | Found a burning altar of Makhleb.
  1670 | D:2      | Reached skill level 2 in Short Blades
  1670 | D:2      | Reached skill level 4 in Spellcasting
  1670 | D:2      | Reached XP level 4. HP: 21/21 MP: 8/11
  2465 | D:3      | Noticed Grinder
  2490 | D:3      | You fall through a shaft!
  2490 | D:4      | Noticed an ogre
  2505 | D:4      | Found a shattered altar of Ashenzari.
  2561 | D:4      | HP: 1/21 [ogre/giant spiked club (14)]
  3076 | D:3      | Reached skill level 5 in Spellcasting
  3076 | D:3      | Reached XP level 5. HP: 13/24 MP: 4/13
  3097 | D:3      | Killed Grinder
  3097 | D:3      | Reached skill level 3 in Short Blades
  3097 | D:3      | Reached skill level 6 in Stealth
  3097 | D:3      | Reached skill level 6 in Spellcasting
  3097 | D:3      | Reached XP level 6. HP: 10/28 MP: 3/16
  3536 | D:4      | Became a worshipper of Ashenzari the Shackled
  3615 | D:4      | Reached skill level 7 in Stealth
  3836 | D:4      | Reached XP level 7. HP: 28/32 MP: 13/18
  3867 | D:4      | Found a bloodstained altar of Trog.
  3899 | D:4      | Reached skill level 4 in Short Blades
  3899 | D:4      | Reached skill level 7 in Spellcasting
  4183 | D:4      | Reached skill level 4 in Hexes
  4262 | D:4      | Got the hand axe of Strategic Superiority {chop, MR++ Str+5}
  4377 | D:5      | Entered Level 5 of the Dungeon
  4610 | D:5      | Reached skill level 8 in Stealth
  4638 | D:5      | Noticed a two-headed ogre
  4641 | D:5      | HP: 6/32 [ogre/giant spiked club (26)]
  4678 | D:4      | Reached skill level 8 in Spellcasting
  4926 | D:5      | Reached skill level 5 in Hexes
  4926 | D:5      | Reached XP level 8. HP: 36/36 MP: 14/21
  5418 | D:5      | Reached skill level 9 in Stealth
  5418 | D:5      | Reached skill level 9 in Spellcasting
  5493 | D:5      | Killed a two-headed ogre
  5493 | D:5      | Reached skill level 10 in Stealth
  5493 | D:5      | Reached skill level 10 in Spellcasting
  5493 | D:5      | Reached skill level 6 in Hexes
  5493 | D:5      | Reached XP level 9. HP: 39/39 MP: 19/24
  5926 | D:6      | Found a staircase to the Ecumenical Temple.
  5927 | D:6      | Noticed Edmund
  5959 | D:6      | Killed Edmund
  5985 | D:6      | Reached * piety under Ashenzari
  6117 | D:6      | Reached skill level 7 in Hexes
  6135 | D:6      | Found a hazy altar of Hepliaklqana.
  6140 | D:6      | Found a shadowy altar of Dithmenos.
  6327 | D:6      | Reached skill level 11 in Spellcasting
  6801 | D:6      | Reached skill level 11 in Stealth
  7068 | D:6      | Noticed Eustachio
  7075 | D:6      | Killed Eustachio
  7118 | D:6      | Reached skill level 4 in Dodging
  7220 | D:6      | Reached skill level 1 in Ice Magic
  7298 | D:6      | Found a deep blue altar of Sif Muna.
  7440 | D:6      | HP: 6/39 [orc wizard/puff of frost (10)]
  7445 | D:6      | HP: 2/39 [orc wizard/magic dart (4)]
  7834 | Temple   | Entered the Ecumenical Temple
  8287 | D:6      | Reached skill level 5 in Dodging
  8323 | D:6      | Reached skill level 1 in Fighting
  8462 | D:7      | Found an ancient bone altar of Kikubaaqudgha.
  8462 | D:7      | Noticed Duvessa
  8570 | D:7      | Reached skill level 2 in Ice Magic
  8579 | D:7      | Reached XP level 10. HP: 44/46 MP: 11/26
  8959 | D:7      | Reached ** piety under Ashenzari
  8981 | D:7      | Reached skill level 6 in Dodging
  9027 | D:7      | Found a shimmering altar of Xom.
  9040 | D:7      | Noticed Dowan
  9047 | D:7      | Killed Dowan
  9053 | D:7      | Reached skill level 2 in Fighting
  9126 | D:7      | Killed Duvessa
  9777 | D:7      | Found a runed door.
  9782 | D:7      | Noticed Crazy Yiuf
  9786 | D:7      | Killed Crazy Yiuf
  9910 | D:8      | Reached skill level 3 in Ice Magic
  9912 | D:8      | Reached skill level 7 in Dodging
  9937 | D:8      | Noticed Prince Ribbit
  9967 | D:8      | Killed Prince Ribbit
  9967 | D:8      | Reached skill level 3 in Fighting
 10177 | D:8      | Noticed a two-headed ogre
 10194 | D:8      | Killed a two-headed ogre
 10194 | D:8      | Reached skill level 8 in Dodging
 10206 | D:8      | Reached skill level 4 in Ice Magic
 10210 | D:8      | Reached skill level 4 in Fighting
 10466 | D:9      | Noticed a two-headed ogre
 10473 | D:9      | Killed a two-headed ogre
 10473 | D:9      | Reached skill level 9 in Dodging
 10707 | D:9      | Identified a lightning rod (4/4)
 11049 | D:10     | Entered Level 10 of the Dungeon
 11110 | D:10     | Reached XP level 11. HP: 54/54 MP: 27/27
 11258 | D:10     | Reached skill level 5 in Ice Magic
 11309 | D:10     | Noticed a two-headed ogre
 11316 | D:10     | Killed a two-headed ogre
 11316 | D:10     | Reached skill level 5 in Fighting
 11316 | D:10     | Reached skill level 10 in Dodging
 11357 | D:10     | Noticed a two-headed ogre
 11643 | D:10     | Noticed an unseen horror
 11674 | D:10     | Killed an unseen horror
 11674 | D:10     | Reached skill level 8 in Hexes
 11685 | D:10     | Noticed a red ugly thing
 11693 | D:10     | Killed a red ugly thing
 11759 | D:10     | Killed a two-headed ogre
 11759 | D:10     | Reached skill level 5 in Short Blades
 12051 | D:10     | Reached skill level 12 in Stealth
 12096 | D:10     | Found a staircase to the Orcish Mines.
 12310 | D:10     | Reached skill level 11 in Dodging
 12377 | D:10     | Found a staircase to the Lair.
 12557 | D:10     | Found Xiowk's Antique Weapon Shop.
 12685 | Lair:1   | Entered Level 1 of the Lair of Beasts
 12685 | Lair:1   | Reached *** piety under Ashenzari
 12710 | Lair:1   | Found a frozen archway.
 12720 | IceCv    | Entered an ice cave
 12747 | IceCv    | Reached skill level 9 in Hexes
 12773 | IceCv    | Noticed a white ugly thing
 12981 | IceCv    | Got the flail of Surit {crush, *Noise rPois MP+9 Str+4}
 12989 | IceCv    | Noticed a white ugly thing
 12991 | IceCv    | Killed a white ugly thing
 13206 | Lair:1   | Reached skill level 13 in Stealth
 13302 | Lair:1   | Reached skill level 12 in Dodging
 13307 | Lair:1   | Reached XP level 12. HP: 53/60 MP: 9/28
 13446 | Lair:1   | Noticed a six-headed hydra
 13451 | Lair:1   | Killed a six-headed hydra
 13451 | Lair:1   | Reached skill level 10 in Hexes
 13978 | Lair:2   | Reached skill level 14 in Stealth
 14183 | Lair:2   | Reached skill level 13 in Dodging
 14790 | Lair:3   | Reached skill level 11 in Hexes
 14866 | Lair:3   | Noticed a six-headed hydra
 14894 | Lair:3   | Killed a six-headed hydra
 14962 | Lair:3   | Reached skill level 15 in Stealth
 14964 | Lair:3   | Noticed a six-headed hydra
 15028 | Lair:3   | Killed a six-headed hydra
 15607 | Lair:3   | Learned a level 4 spell: Force Lance
 15634 | Lair:4   | Reached skill level 14 in Dodging
 15646 | Lair:4   | Reached skill level 1 in Translocations
 15672 | Lair:4   | Found a hole to the Spider Nest.
 15750 | Lair:4   | Reached **** piety under Ashenzari
 16008 | Lair:4   | Reached skill level 2 in Translocations
 16036 | Lair:4   | Reached skill level 1 in Conjurations
 16271 | Lair:4   | Noticed a seven-headed hydra
 16303 | Lair:4   | Killed a seven-headed hydra
 16303 | Lair:4   | Reached XP level 13. HP: 63/63 MP: 18/29
 16501 | Lair:4   | Found a staircase to the Swamp.
 16670 | Lair:4   | Noticed drasked's ghost (journeyman SpWz)
 16686 | Lair:4   | Killed drasked's ghost
 16686 | Lair:4   | Reached skill level 3 in Translocations
 16727 | Lair:5   | Identified 2 scrolls of acquirement
 17152 | Lair:5   | Reached skill level 1 in Evocations
 17221 | Lair:5   | Found a staircase to the Slime Pits.
 17271 | Lair:5   | Reached skill level 2 in Evocations
 17274 | Lair:5   | Reached skill level 2 in Conjurations
 17274 | Lair:5   | Reached skill level 4 in Translocations
 17518 | Lair:5   | Noticed Rupert
 17551 | Lair:5   | Reached skill level 3 in Evocations
 17697 | Lair:5   | Reached skill level 16 in Stealth
 17878 | Lair:6   | Entered Level 6 of the Lair of Beasts
 17907 | Lair:6   | Reached skill level 5 in Translocations
 17935 | Lair:6   | Reached skill level 4 in Evocations
 18119 | Lair:6   | Reached skill level 5 in Evocations
 18331 | Lair:6   | Reached skill level 3 in Conjurations
 18391 | Lair:6   | Reached skill level 6 in Evocations
 18636 | Lair:6   | Reached skill level 6 in Translocations
 18808 | Lair:6   | Noticed a dire elephant
 19106 | Lair:6   | Reached ***** piety under Ashenzari
 19165 | Lair:6   | Reached skill level 7 in Evocations
 19934 | Lair:6   | Reached skill level 7 in Translocations
 20214 | Lair:6   | Reached skill level 8 in Evocations
 20465 | Lair:6   | Killed a dire elephant
 20465 | Lair:6   | Reached XP level 14. HP: 68/68 MP: 13/30
 20861 | Orc:1    | Entered Level 1 of the Orcish Mines
 21013 | Orc:1    | Reached skill level 4 in Conjurations
 21336 | Orc:2    | Entered Level 2 of the Orcish Mines
 21558 | Orc:2    | Reached skill level 9 in Evocations
 21806 | Orc:2    | Reached skill level 17 in Stealth
 22088 | Orc:2    | HP: 15/68 [burnt (4)]
 22091 | Orc:2    | HP: 5/68 [burnt (4)]
 22710 | Orc:2    | Found Maorghil's Food Emporium.
 22710 | Orc:2    | Found Qier's Assorted Antiques.
 22717 | Orc:2    | Found Ucsotits's Gadget Boutique.
 22717 | Orc:2    | Found Lehyoqaun's Distillery.
 23082 | Orc:2    | Found a staircase to the Elven Halls.
 23143 | Orc:2    | Reached skill level 12 in Spellcasting
 23165 | Orc:2    | Noticed Josephine
 23181 | Orc:2    | Killed Josephine
 23181 | Orc:2    | Reached skill level 5 in Conjurations
 23687 | D:11     | Found a labyrinth entrance.
 23817 | Lab      | Entered a labyrinth
 24250 | D:11     | Found a hide-covered altar of Uskayaw.
 24449 | D:11     | Reached skill level 6 in Conjurations
 24767 | D:11     | Quit the game

Vault maps used:
D:1:      dpeg_arrival_pits, moated_statue, minmay_splitting_lines,
          grunt_decor_one_mirror, serial_bayou_lake_a
D:2:      old_standard_altar, makhleb_blood_cavern_becter
D:3:      uniq_grinder
D:4:      bloody_trog, nicolae_ashenzari_panopticon, serial_park_tiny_2
D:5:      first_bread
D:6:      lemuel_castle_with_subvaults, led_sif_pool, minitemple,
          minmay_temple_entry_statues_pillars, uniq_eustachio, uniq_edmund
D:7:      overflow_temple_1_default, dk_xom_monty_hall, uniq_crazy_yiuf_cottage,
          uniq_duvessa
D:8:      hangedman_pestilent_swarm, uniq_prince_ribbit1
D:10:     minmay_weird_star, grunt_lair_entry_orc_guard_hut, serial_shops,
          nicolae_shop_window_shopping, serial_column_ruins,
          column_ruins_circle_medium, column_ruins_open_small,
          column_ruins_open_small, column_ruins_columns_corner,
          column_ruins_grid_1, column_ruins_corridor_dead_end, minmay_bent
D:11:     lab_entry_generic, lemuel_centaur_altar, uniq_grum
Temple:   minmay_temple_curvy_branch
Lair:1:   portal_ice_cave_entry_pillars_1
Lair:3:   grunt_forest_stairs_basic
Lair:4:   swamp_mist_pool, spider_nest_entry_rubble, st_stairs_7,
          disabler_island
Lair:5:   minmay_slime_entry_pillars, uniq_rupert
Lair:6:   grunt_lair_end_beastmaster, serial_bayou, serial_bayou_pond_c,
          serial_bayou_shore_a, serial_bayou_pond_c, serial_bayou_pond_d,
          serial_bayou_crossing, lemuel_fruit_tree
Orc:1:    uniq_harold
Orc:2:    grunt_orc_tribal_feast, uniq_josephine
Lab:      labyrinth_hidden_loot, nicolae_lab_starburst, nicolae_lab_blocks,
          nicolae_lab_do_over, lab_block, lab_statue, nicolae_lab_checkerboard,
          nicolae_lab_plus, labyrinth_skeletal_remains, nicolae_lab_grate_2,
          labyrinth_lava_lair, nicolae_lab_t_cross, nicolae_lab_swirl,
          nicolae_lab_quarters, nicolae_lab_dead_end, nicolae_lab_flowing_pool
IceCv:    ice_cave_statue_garden_chambered

Skill      XL: |  1  2  3  4  5  6  7  8  9 10 11 12 13 14 |
---------------+-------------------------------------------+-----
Spellcasting   | 3 4 5 6 8 10 11 12 | 12.8
Stealth        | 5 6 7 8 10 11 13 15 16 17 | 17.0
Short Blades   | 2 3 4 5 |  5.2
Hexes          | 5 6 7 9 11 | 11.5
Dodging        | 5 9 12 14 | 14.7
Ice Magic      | 2 4 5 |  5.2
Fighting       | 1 4 5 |  5.0
Translocations | 2 7 |  7.8
Conjurations   | 1 3 6 |  6.0
Evocations     | 8 9 |  9.1

Action                   |  1- 3 |  4- 6 |  7- 9 | 10-12 | 13-15 || total
-------------------------+-------+-------+-------+-------+-------++-------
Melee: Dagger            |   106 |   101 |   181 |   307 |   374 ||  1069
 Cast: Ensorcelled Hiber |     8 |    27 |   134 |   195 |   206 ||   570
       Confuse           |       |     2 |    20 |    37 |   114 ||   173
       Force Lance       |       |       |       |       |     6 ||     6
Invok: Curse Item        |       |       |       |     2 |       ||     2
 Abil: Evoke Invisibilit |       |       |       |       |     2 ||     2
  Use: Scroll            |       |       |       |     2 |    31 ||    33
       Potion            |       |       |       |       |     1 ||     1
 Stab: Sleeping          |    11 |    18 |   101 |   169 |   127 ||   426
       Confused          |       |     3 |    12 |    19 |    62 ||    96
       Invisible         |       |       |       |       |     5 ||     5
       Distracted        |       |       |       |       |     1 ||     1
  Eat: Fruit             |       |     4 |       |     7 |     9 ||    20
       Bread ration      |       |       |     1 |       |       ||     1
Armor: Robe              |     7 |     5 |    19 |    13 |    10 ||    54
Dodge: Dodged            |    76 |    61 |   121 |   243 |   254 ||   755

Vault maps used:
D:1:      dpeg_arrival_pits, moated_statue, minmay_splitting_lines,
          grunt_decor_one_mirror, serial_bayou_lake_a
D:2:      old_standard_altar, makhleb_blood_cavern_becter
D:3:      uniq_grinder
D:4:      bloody_trog, nicolae_ashenzari_panopticon, serial_park_tiny_2
D:5:      first_bread
D:6:      lemuel_castle_with_subvaults, led_sif_pool, minitemple,
          minmay_temple_entry_statues_pillars, uniq_eustachio, uniq_edmund
D:7:      overflow_temple_1_default, dk_xom_monty_hall, uniq_crazy_yiuf_cottage,
          uniq_duvessa
D:8:      hangedman_pestilent_swarm, uniq_prince_ribbit1
D:10:     minmay_weird_star, grunt_lair_entry_orc_guard_hut, serial_shops,
          nicolae_shop_window_shopping, serial_column_ruins,
          column_ruins_circle_medium, column_ruins_open_small,
          column_ruins_open_small, column_ruins_columns_corner,
          column_ruins_grid_1, column_ruins_corridor_dead_end, minmay_bent
D:11:     lab_entry_generic, lemuel_centaur_altar, uniq_grum
Temple:   minmay_temple_curvy_branch
Lair:1:   portal_ice_cave_entry_pillars_1
Lair:3:   grunt_forest_stairs_basic
Lair:4:   swamp_mist_pool, spider_nest_entry_rubble, st_stairs_7,
          disabler_island
Lair:5:   minmay_slime_entry_pillars, uniq_rupert
Lair:6:   grunt_lair_end_beastmaster, serial_bayou, serial_bayou_pond_c,
          serial_bayou_shore_a, serial_bayou_pond_c, serial_bayou_pond_d,
          serial_bayou_crossing, lemuel_fruit_tree
Orc:1:    uniq_harold
Orc:2:    grunt_orc_tribal_feast, uniq_josephine
Lab:      labyrinth_hidden_loot, nicolae_lab_starburst, nicolae_lab_blocks,
          nicolae_lab_do_over, lab_block, lab_statue, nicolae_lab_checkerboard,
          nicolae_lab_plus, labyrinth_skeletal_remains, nicolae_lab_grate_2,
          labyrinth_lava_lair, nicolae_lab_t_cross, nicolae_lab_swirl,
          nicolae_lab_quarters, nicolae_lab_dead_end, nicolae_lab_flowing_pool
IceCv:    ice_cave_statue_garden_chambered

Table legend:
 A = Turns spent in this place as a percentage of turns spent in the entire game.
 B = Non-inter-level travel turns spent in this place as a percentage of non-inter-level travel turns spent in the entire game.
 C = Inter-level travel turns spent in this place as a percentage of turns spent in this place.
 D = Turns resting spent in this place as a percentage of non-inter-level travel turns spent in this place.
 E = Turns spent auto-exploring this place as a percentage of non-inter-level travel turns spent in this place.
 F = Non-inter-level travel turns spent in this place divided by the number of levels of this place that you've seen.
                   A       B       C       D       E      F
               +-------+-------+-------+-------+-------+----------------------
         Total | 100.0 | 100.0 |   0.3 |   1.8 |   6.4 | 428.4
       Dungeon |  48.4 |  48.4 |   0.4 |   2.1 |   8.0 | 414.5
        Temple |   0.4 |   0.4 |   0.0 |   0.0 |  41.7 |  36.0
          Lair |  32.0 |  32.0 |   0.4 |   1.4 |   5.6 | 502.5
  Orcish Mines |  12.5 |  12.6 |   0.2 |   2.2 |   4.1 | 591.5
     Labyrinth |   4.5 |   4.5 |   0.0 |   0.0 |   0.0 | 425.0
      Ice Cave |   2.2 |   2.2 |   0.0 |   1.0 |   1.5 | 206.0
               +-------+-------+-------+-------+-------+----------------------

Table legend:
 A = Kills in this place as a percentage of kills in entire the game.
 B = Kills by you in this place as a percentage of kills by you in the entire game.
 C = Kills by friends in this place as a percentage of kills by friends in the entire game.
 D = Other kills in this place as a percentage of other kills in the entire game.
 E = Experience gained in this place as a percentage of experience gained in the entire game.
 F = Experience gained in this place divided by the number of levels of this place that you have seen.
                   A       B       C       D       E      F
               +-------+-------+-------+-------+-------+----------------------
         Total | 100.0 | 100.0 |  -nan | 100.0 | 100.0 | 3887.4
       Dungeon |  55.2 |  55.2 |  -nan |  66.7 |  24.3 | 1887.3
          Lair |  29.2 |  29.4 |  -nan |   0.0 |  54.4 | 7760.2
  Orcish Mines |  10.7 |  10.5 |  -nan |  33.3 |  13.6 | 5818.5
     Labyrinth |   3.6 |   3.6 |  -nan |   0.0 |   6.1 | 5206.0
      Ice Cave |   1.3 |   1.3 |  -nan |   0.0 |   1.6 | 1358.0
               +-------+-------+-------+-------+-------+----------------------
